Cogmind - Beta 9.1 @@@ ROGUE MODE // 2019.10.29 @ 08:58:49 Player: Hilbert Result: Destroyed by G-34 Mercenary with Small Laser Performance ------------- Evolutions (1) 500 Regions Visited (2) 400 Robots Destroyed (0) 0 Value Destroyed (10) 10 Prototype IDs (0) 0 Alien Tech Used (0) 0 Bonus (200) 200 TOTAL SCORE: 1110 Bonus ------- Pacifist 200 Cogmind --------- Core Integrity 0/400 Matter 198/300 Energy 99/100 System Corruption 0% Temperature Cool (11) Location -9/Materials Parts ------- Power (1) Propulsion (4) Utility (2) Weapon (2) Inventory (4) Light Ion Engine Improved Hover Unit Small Laser Small Laser Peak State ------------ Power Ion Engine Propulsion Aluminum Leg Aluminum Leg Compact Wheel Compact Wheel Utility Small Storage Unit Weapon Small Laser Grenade Launcher Inventory Light Ion Engine Light Treads Small Laser Small Laser [Rating: 8] Favorites ----------- Power Ion Engine Engine Ion Engine Propulsion Compact Wheel Leg Aluminum Leg Wheel Compact Wheel Utility Small Storage Unit Storage Small Storage Unit Weapon Small Laser Energy Gun Small Laser Launcher Grenade Launcher Build | -11 -10 -9 ------- Run | Scr Mat Mat Slots Evolved 2 | . . 2 Power . | . . . Propulsion 2 | . . 2 Utility . | . . . Weapon . | . . . Parts Attached 8 | 5 1 2 Power 1 | 1 . . Engine 1 | 1 . . Core . | . . . Reactor . | . . . Propulsion 4 | 2 . 2 Treads . | . . . Leg 2 | . . 2 Wheel 2 | 2 . . Hover . | . . . Flight . | . . . Utility 1 | 1 . . Device . | . . . Storage 1 | 1 . . Processor . | . . . Hackware . | . . . Protection . | . . . Artifact . | . . . Weapon 2 | 1 1 . Energy Gun 1 | 1 . . Energy Cannon . | . . . Ballistic Gun . | . . . Ballistic Cannon . | . . . Launcher 1 | . 1 . Special Weapon . | . . . Impact Weapon . | . . . Slashing Weapon . | . . . Piercing Weapon . | . . . Special Melee Weapon . | . . . Unidentified Prototypes . | . . . Parts Lost 7 | . . 7 Power 1 | . . 1 Propulsion 3 | . . 3 Utility 1 | . . 1 Weapon 2 | . . 2 Highest Loss Streak 7 | . . 7 Average Slot Usage (%) 71 | . 81 57 Engine 11 | . 14 8 Leg 6 | . . 15 Wheel 21 | . 28 12 Storage 12 | . 14 11 Energy Gun 10 | . 14 6 Launcher 8 | . 10 5 Naked Turns 1 | . . 1 Heaviest Build 13 | 10 13 13 Greatest Support 32 | 32 32 32 Greatest Overweight (x) 2 | 1 . 2 Average Overweight (x) . | . . . Largest Inventory Capacity 6 | 6 6 6 Average Capacity 5 | 5 6 5 Most Carried 6 | 6 6 5 Average Carried 5 | 3 6 4 Final Capacity 6 | 6 6 4 Final Carried 6 | 6 6 4 Class Distribution -------------------- 100% | Mutant Dominant Class ---------------- Mutant | -10/Materials Mutant | -9/Materials Resources | -11 -10 -9 ----------- Run | Scr Mat Mat Matter Collected 173 | 173 . . Remotely . | . . . Salvage Created . | . . . Parts . | . . . Haulers Intercepted . | . . . Recyclers Shooed . | . . . Parts Field Recycled . | . . . Retrieved Matter . | . . . Parts Self-Destructed . | . . . Prevented . | . . . Kills | -11 -10 -9 ------- Run | Scr Mat Mat Combat Hostiles Destroyed . | . . . Classes Destroyed . | . . . Best Kill Streak . | . . . Combat Bots Only . | . . . Max Kills in Single Turn . | . . . Gunslinging . | . . . Exploded . | . . . Melee . | . . . Uniques/NPCs Destroyed . | . . . Combat | -11 -10 -9 -------- Run | Scr Mat Mat Damage Taken 933 | . 24 909 Core 401 | . . 401 Absorbed by Shields . | . . . Core Remaining (%) 100 | 100 100 . Volleys Fired 4 | . 2 2 Largest 2 | . 2 2 Hottest 70 | . 70 70 Shots Fired 7 | . 4 3 Gun 4 | . 2 2 Cannon . | . . . Launcher 3 | . 2 1 Special . | . . . Kinetic . | . . . Thermal 4 | . 2 2 Explosive 3 | . 2 1 Electromagnetic . | . . . Robot Hit Streak . | . . . Robot Miss Streak . | . . . Penetration Max . | . . . Secondary Targets . | . . . Shots Hit Robots . | . . . Core Hits . | . . . Critical Hits . | . . . Critical Kills . | . . . Critical Parts Destroyed . | . . . Melee Attacks . | . . . Impact . | . . . Slashing . | . . . Piercing . | . . . Sneak Attacks . | . . . Combat Hostiles . | . . . Follow-up Attacks . | . . . Damage Inflicted 21 | . . 21 Guns 10 | . . 10 Cannons . | . . . Explosions 11 | . . 11 Melee . | . . . Ramming . | . . . Kinetic . | . . . Thermal 10 | . . 10 Explosive 11 | . . 11 Electromagnetic . | . . . Impact . | . . . Slashing . | . . . Piercing . | . . . Highest Corruption . | . . . Average Corruption . | . . . Corruption Purged . | . . . Overload Shots . | . . . Overflow Damage . | . . . Projectiles . | . . . Explosions . | . . . Melee . | . . . Knockbacks . | . . . Impact . | . . . Kinetic . | . . . Secondary . | . . . Self-Inflicted Damage 24 | . 24 . Shots 1 | . 1 . Rammed . | . . . Targets Rammed . | . . . Kicked . | . . . Crushed . | . . . Highest Temperature 9 | . 9 9 Average Temperature 5 | . 6 5 Received Heat Transfer 384 | . . 384 Siege Activations . | . . . Robots Corrupted . | . . . Combat Hostiles . | . . . Parts Fried . | . . . Impact Corruptions . | . . . Robots Melted . | . . . Combat Hostiles . | . . . Parts Melted . | . . . Heat Transferred 25 | . . 25 Parts Sabotaged . | . . . Parts Stolen . | . . . Parts Stripped . | . . . Power Chain Reactions . | . . . Missiles Intercepted . | . . . Alert | -11 -10 -9 ------- Run | Scr Mat Mat Peak Influence 45 | . 15 45 Average Influence 6 | . 5 12 Maximum Alert Level . | . . . Low Security (%) 100 | . . . Level 1 . | . . . Level 2 . | . . . Level 3 . | . . . Level 4 . | . . . Level 5 . | . . . High Security . | . . . Max Security . | . . . Squads Dispatched . | . . . Investigation . | . . . Extermination . | . . . Reinforcement . | . . . Assault . | . . . Garrison . | . . . Intercept . | . . . Construction Impeded . | . . . Haulers Reinforced . | . . . Stealth | -11 -10 -9 --------- Run | Scr Mat Mat Distress Signals . | . . . Communications Jammed . | . . . Distress Signals . | . . . Times Spotted 12 | . 1 11 Peak Tracking Total 11 | . 1 11 Tactical Retreats 1 | . 1 . Traps | -11 -10 -9 ------- Run | Scr Mat Mat Traps Triggered . | . . . Indirectly . | . . . Trap Hack Attempts . | . . . Triggered . | . . . Disarmed . | . . . Reprogrammed . | . . . Reused . | . . . Traps Extracted . | . . . Installed . | . . . Triggered . | . . . Machines | -11 -10 -9 ---------- Run | Scr Mat Mat Machines Disabled 1 | . 1 . Max in Single Turn 1 | . 1 . Machines Sabotaged . | . . . Garrisons Compromised . | . . . Overloaded Fab Kills . | . . . Fab Network Shutdowns . | . . . Hacking | -11 -10 -9 --------- Run | Scr Mat Mat Machines Accessed 2 | . 1 1 Terminals 2 | . 1 1 Fabricators . | . . . Repair Stations . | . . . Recycling Units . | . . . Scanalyzers . | . . . Garrison Access . | . . . Total Hacks 6 | . 3 3 Successful 2 | . 1 1 Failed 4 | . 2 2 Catastrophic . | . . . Database Lockouts . | . . . Manual 4 | . 3 1 Terminals 6 | . 3 3 Fabricators . | . . . Repair Stations . | . . . Recycling Units . | . . . Scanalyzers . | . . . Garrison Access . | . . . Terminal Hacks . | . . . Fabricator Hacks . | . . . Repair Station Hacks . | . . . Recycling Unit Hacks . | . . . Scanalyzer . | . . . Garrison Access Hacks . | . . . Unauthorized Hacks 4 | . 2 2 Terminals 2 | . 1 1 Botnet 2 | . 1 1 Fabricators . | . . . Repair Stations . | . . . Recycling Units . | . . . Scanalyzers . | . . . Garrison Access . | . . . Data Cores Recovered . | . . . Used . | . . . Hacking Detections 2 | . 1 1 Full Trace Events . | . . . Feedback Events . | . . . Feedback Blocked . | . . . Robot Schematics Acquired . | . . . Robots Built . | . . . Matter . | . . . Time . | . . . Total Robot Build Rating . | . . . Part Schematics Acquired . | . . . Parts Built . | . . . Matter . | . . . Time . | . . . Total Part Build Rating . | . . . Parts Repaired . | . . . Time . | . . . Parts Recycled . | . . . Recycled Matter . | . . . Retrieved Matter . | . . . Retrieved Components . | . . . Parts Scanalyzed . | . . . Part Schematics Acquired . | . . . Parts Damaged . | . . . Bothacking | -11 -10 -9 ------------ Run | Scr Mat Mat Used RIF Installer . | . . . Robots Hacked . | . . . Non-combat . | . . . Combat . | . . . Robot Hacks Applied . | . . . Relay Couplers Released . | . . . Robots Rewired . | . . . Allies Hacked . | . . . Hacks Repelled . | . . . Allies | -11 -10 -9 -------- Run | Scr Mat Mat Total Allies . | . . . Largest Group . | . . . Highest-Rated Group . | . . . Highest-Rated Ally . | . . . Total Orders . | . . . Ally Attacks . | . . . Total Damage . | . . . Kills . | . . . Allies Corrupted . | . . . Allies Melted . | . . . Intel | -11 -10 -9 ------- Run | Scr Mat Mat Robot Analysis Total . | . . . Derelict Logs Recovered . | . . . Drone Launches . | . . . Drone Recoveries . | . . . Exploration | -11 -10 -9 ------------- Run | Scr Mat Mat Turns Passed 320 | 61 149 110 Spaces Moved 285 | 48 141 96 Core 44 | 4 . 40 Treads . | . . . Legs . | . . . Wheels 241 | 44 141 56 Hover . | . . . Flight . | . . . Fastest Speed 50 | 50 100 50 Average Speed 101 | 98 100 106 Slowest Speed 150 | 100 100 150 Overloaded Moves . | . . . Propulsion Burnouts . | . . . Robots Hopped . | . . . Cave-ins Triggered . | . . . Exploration Rate (%) 17 | 3 30 18 Regions Visited 2 Branch Regions . Pre-discovered Areas . | . . . Known Exits Taken . | . . . Unknown Exits Taken 2 | 1 1 . Scrap Searched . | . . . Spaces Dug 15 | . 15 . Terrain Destroyed 25 | . 15 10 Melee . | . . . Projectile . | . . . AOE 25 | . 15 10 Actions | -11 -10 -9 --------- Run | Scr Mat Mat Total 303 | 58 144 101 Wait 1 | . 1 . Move 283 | 47 140 96 Hop . | . . . Pick Up 7 | 6 . 1 Fast Attach 6 | 5 1 . Attach 2 | . . 2 Detach . | . . . Swap . | . . . Drop . | . . . Fire 4 | . 2 2 Melee . | . . . Ram . | . . . Kick . | . . . Crush . | . . . Escape Stasis . | . . . Rewire . | . . . Trap . | . . . Miscellaneous . | . . . Route ------- -11/Scrapyard -10/Materials -9/Materials History --------- Turn | Location | Event 2 | -11/Scrapyard | Met Revision 17 18 | -11/Scrapyard | Discovered new exit (range 15) 62 | -11/Scrapyard | Entered Materials 193 | -10/Materials | Discovered new exit (range 3) 211 | -10/Materials | Entered another Materials area 211 | -9/Materials | Evolved 2 slots: Propulsion x2 309 | -9/Materials | Build established: Mutant 309 | -9/Materials | Core integrity fell below 50% 319 | -9/Materials | Core integrity fell below 20% 321 | -9/Materials | Destroyed by G-34 Mercenary with Small Laser Last Messages --------------- 00193_ U-05 Engineer lays Concrete. PARAMETERS=PROPULSION_2 LOCATION=UNKNOWN GOAL=ESCAPE 00223_ Acquired Imp. Hover Unit. 00232_ Connecting with Terminal... 00232_ Current location identified: Materials >>Trojan(Botnet) Trojan loaded successfully. Testing... Terminal linked with 0 systems. Awaiting botnet instructions. 00264_ Grenade Launcher destroyed. 00273_ Sml. Laser destroyed. 00273_ Com. Wheel destroyed. 00284_ Aluminum Leg severed. 00296_ Ion Engine destroyed. 00297_ R-06 Scavenger collects Aluminum Leg. 00299_ Aluminum Leg destroyed. 00320_ Sml. Storage Unit destroyed. Map ----- +----------------------------------------------------+ | ????????????????????????????????????? | | ????????????????????????????????????? | | ????????????????????????????????????? | | ????????????????????????????????????? | | ????????????????????????????????????? | | ????????????????????????????????????? | | ????????????????????????????????????? | | ????????????????????????????????????? | | ????????????????????????????????????? | | ????????????????????????????????????? | | ????????????????????????????????????? | | ????????????????????????????????????? | | ????????????????????????????????????? | | ????????????????????????????????????? | | ????????????????????????????????????? | | ???##############???????????????????? | | ???# #???????????????????? | | ???# """ """ #???????????????????? | | ???# """"""""" #???????????????????? | | ???# """"" " #???????????????????? | | ???# |#???????????????????? | | ?#########+######??????#????????????? | | # # ######### #????????????? | | # # #????????????? | | # /l g +????????????? | | # # = @ g #????????????? | | # # #????????????? | | # ?### " #????????????? | | # ???#gggg """ #????????????? | | # ! ??### g """ #????????????? | | # ??+ g """ #????????????? | | # ???###### "" #? ??????????? | | ####????????#Y """ # ??????????? | | ????######??# "" + ???????????? | | ????? ?# """ #????????????? | | ?????? ?# Y " #????????????? | | ?????? """ # #????????????? | | ??????""""" # r #????????????? | | ??????""""" + #????????????? | | ??????""""" # #????????????? | | ?????? """ # ########????????????? | | ?????? ?# ########????????????? | | ????? !?# # #????????????? | | ????######??# # """#????????????? | | ????????????# #! """#????????????? | | ????????????# # """#????????????? | | ?????# " " # # """#????????????? | | ?????# + + ##???????????? | | ?????# # ###### ##??????????? | | ?????# # #??# ######?????? | +----------------------------------------------------+ Best States ------------- Heat Dissipation 28 Energy Generation 10 Energy Capacity 250 Matter Stores 223 Matter Capacity 300 Sight Range 16 Terrain Scan Density 10 Evasion (%) 40 Item Schematics ----------------- None Robot Schematics ------------------ None Fabricated ------------ Nothing Alien Tech Used ----------------- None Achievements -------------- None Challenges ------------ None Game ------ Seed SurveybotLargeAutocannon Manual? 0 Play Time 00:06:28 Cumulative 19.4 hours Start 2019.10.29 @ 08:53:58 End 2019.10.29 @ 08:58:49 Sessions 1 Manual Loads 0 Difficulty Rogue Special Mode None Game No. 42 Rogue 42 Adventurer 0 Explorer 0 Win Type - Total 0 Types 0/0/0/0/0/0/0 Lore% 14 Gallery% 28 Achievement% 21 Wizard Run 0 Options --------- ASCII 0 Keyboard 1 Movement Vi Keybinds 0 Fullscreen 1 Font 18/SmallcapsGlow Map View 76x50 Tactical HUD 1 Map Filters NONE Filters NONE Steam 1 RUN: 51c0a1f3-862a-44b4-88f7-ec877740f485